 Dungeon Crawl Stone Soup version 0.17-a0-1716-gdf19ebb (webtiles) character file.

69 jyrma the Bolt Thrower (level 4, -7/36 HPs)
             Began as a Centaur Hunter on Aug 24, 2015.
             Killed by divine providence
             ... invoked by an orc priest
              (11 damage)
             ... on level 3 of the Dungeon.
             The game lasted 00:07:26 (1380 turns).

jyrma the Bolt Thrower (Centaur Hunter)             Turns: 1380, Time: 00:07:27

Health: -7/36      AC:  8    Str: 15    XL:     4   Next: 2%
Magic:  4/4        EV:  9    Int: 10    God:
Gold:   48         SH:  0    Dex: 10    Spells: 0 memorised, 3 levels left

rFire  . . .     SeeInvis .     a - +1 hand crossbow
rCold  . . .     Clarity  .     d - +0 leather armour
rNeg   . . .     SustAt   .     (no shield)
rPois  .         Gourm    .     (no helmet)
rElec  .         Spirit   .     k - +0 cloak
rCorr  .         Warding  .     (no gloves)
rMut   .         Stasis   .     (no barding)
MR     .....                    (no amulet)
Stlth  +.........               g - ring of flight (curse)
                                j - +3 ring of protection

@: very quick, not resistant to hostile enchantments, very unstealthy
A: hooves 3, deformed body, speed 2, tough skin 3
a: Evoke Flight


You were on level 3 of the Dungeon.
You were not hungry.

You visited 1 branch of the dungeon, and saw 3 of its levels.

You collected 48 gold pieces.

Inventory:

Hand weapons
 a - a +1 hand crossbow (weapon)
 b - a +0 short sword
Missiles
 c - 8 bolts (quivered)
 q - 65 stones
Armour
 d - a +0 leather armour (worn)
 k - a +0 cloak (worn)
Jewellery
 g - a cursed ring of flight (right hand)
 j - a +3 ring of protection (left hand)
 s - an uncursed ring of fire
 t - an uncursed ring of protection from fire
Scrolls
 i - a scroll of immolation {unknown}
 p - a scroll of identify {unknown}
 r - a scroll of remove curse {unknown}
 u - a scroll of fear {unknown}
Potions
 h - a potion of haste {unknown}
 l - 2 potions of brilliance {unknown}
 n - 2 potions of curing {unknown}
 o - 2 potions of ambrosia {unknown}
Comestibles
 e - 2 bread rations
 f - 3 meat rations
 m - 3 chunks of flesh


   Skills:
 - Level 2.0 Fighting
 + Level 5.7 Crossbows
 - Level 0.1 Armour
 - Level 1.3 Dodging
 + Level 1.3 Stealth


You had 3 spell levels left.
You didn't know any spells.

Dungeon Overview and Level Annotations

Branches:
Dungeon (3/15)

Altars:


Innate Abilities, Weirdness & Mutations

You have hooves in place of feet.
Armour fits poorly on your strangely shaped body.
You cover ground very quickly.
You have extremely tough skin (AC +3).


Message History

You shoot a bolt. The bolt hits the orc priest.
The orc priest is severely wounded.
The orc priest hits you with a war axe!
Unknown command.
Firing (i - inventory. (,) - cycle):
c - 10 bolts (quivered)
Press: ? - help, Shift-Dir - straight line, f/p - orc priest
Aim: an orc priest, wielding a war axe and wearing a leather armour (severely wounded)
You shoot a bolt. The bolt closely misses the orc priest.
The orc priest hits you with a war axe.
Unknown command.
Firing (i - inventory. (,) - cycle):
c - 9 bolts (quivered)
Press: ? - help, Shift-Dir - straight line, f/p - orc priest
Aim: an orc priest, wielding a war axe and wearing a leather armour (severely wounded)
You shoot a bolt. The bolt barely misses the orc priest.
The orc priest invokes the aid of Beogh against you.
Something smites you!
* * * LOW HITPOINT WARNING * * *
The orc priest mumbles some strange prayers to Beogh against you.
Something smites you!
You die...

##### #...####
#......#
...#.##...##.#
(...(.o@..##.#
..##.###..##.#
#..##.#
#.....#
#.###)# ## #.#
#)###.... ..#
#)....... ####
#.###....
####.### ##


You could see an orc priest.

Vanquished Creatures
  An orc wizard (D:3)
  An adder (D:2)
  A worm (D:2)
  An orc (D:3)
  2 ball pythons (D:1)
  2 hobgoblins
  5 bats
  2 giant cockroaches
  2 giant newts (D:2)
  5 goblins
  4 kobolds
  3 rats
29 creatures vanquished.

Notes
Turn   | Place    | Note
--------------------------------------------------------------
     0 | D:1      | jyrma the Centaur Hunter began the quest for the Orb.
     0 | D:1      | Reached XP level 1. HP: 17/17 MP: 1/1
   377 | D:1      | Reached XP level 2. HP: 24/24 MP: 2/2
   409 | D:1      | Reached skill level 5 in Crossbows
  1007 | D:2      | Reached XP level 3. HP: 29/29 MP: 3/3
  1350 | D:3      | Reached skill level 1 in Stealth
  1352 | D:3      | Reached XP level 4. HP: 36/36 MP: 4/4
  1380 | D:3      | Killed from afar by an orc priest

Vault maps used:
D:1:      dpeg_arrival_windows_large_door
D:2:      first_bread, hangedman_abyss_or_decor_stabs
D:3:      grunt_temple_overflow_open, ecumenical_altar_2

Action                   |  1- 3 |  4- 6 || total
-------------------------+-------+-------++-------
Melee: Short sword       |    32 |       ||    32
 Fire: Hand crossbow     |    53 |     8 ||    61
  Use: Scroll            |     1 |       ||     1
